[ AOE2 MATCH · #506623868 ]
UnrankedBohemians vs Italians
Player's team · LOSS
Rival team · WIN
[ REPLAY ANALYSIS · EXTRACTED FROM THE RECORDED GAME ]
Feudal
11:25
Castle
20:51
Imperial
—
| APM avg | 82.6 |
| APM peak | 131 |
| eAPM avg | 30.1 |
| Villagers / military | 58 / 32 |
Focus
⚔️ 36.0% · 🌾 64.0%
Archer ×16 · Skirmisher ×13 · Militia ×2 · Spearman ×1
Feudal
8:52
Castle
18:30
Imperial
—
| APM avg | 55.4 |
| APM peak | 80 |
| eAPM avg | 22.3 |
| Villagers / military | 47 / 24 |
Focus
⚔️ 32.6% · 🌾 67.4%
Archer ×24
Match map
Initial resources + every placement click. Lines = walls · curves = elevation contours. ◆ gold · ⬟ stone · ● berries · ✦ relic · ◌ wall gap
Your base· Open — 8t gap
Populus's base· Open — unwalled flank
Smoothed initial terrain · ◌ = detected wall gap · hover for details
Inputs per minute
— AOKI_GworK - - Populus
Build order — AOKI_GworK
149 actions detected in the replay
| 0:00 | Queue | Villager (Male) ×4 |
| 0:01 | Build | House |
| 0:02 | Build | House |
| 1:24 | Queue | Villager (Male) |
| 1:46 | Build | Lumber Camp |
| 2:07 | Queue | Villager (Male) |
| 2:17 | Queue | Villager (Male) |
| 2:45 | Build | House |
| 2:49 | Queue | Villager (Male) |
| 3:15 | Queue | Villager (Male) |
| 3:51 | Queue | Villager (Male) |
| 4:06 | Queue | Villager (Male) |
| 4:39 | Build | Barracks |
| 4:57 | Queue | Villager (Male) |
| 4:57 | Queue | Villager (Male) |
| 5:16 | Build | House |
| 5:24 | Queue | Villager (Male) |
| 5:35 | Queue | Militia |
| 5:59 | Queue | Militia |
| 6:12 | Queue | Villager (Male) |
| 6:17 | Queue | Villager (Male) |
| 6:19 | Build | Mill |
| 6:54 | Build | House |
| 6:55 | Build | Palisade Wall |
| 7:00 | Queue | Villager (Male) |
| 7:27 | Queue | Villager (Male) |
| 7:28 | Build | Mill |
| 7:40 | Queue | Villager (Male) |
| 7:50 | Queue | Villager (Male) |
| 8:14 | Research | Loom |
| 8:36 | Queue | Villager (Male) |
| 9:15 | Research | Feudal Age |
| 10:06 | Build | Mining Camp |
| 11:01 | Queue | Villager (Male) |
| 11:07 | Queue | Villager (Male) |
| 11:25 | Age | Feudal Age |
| 11:28 | Queue | Villager (Male) |
| 11:31 | Build | Archery Range |
| 11:36 | Research | Double-Bit Axe |
| 11:51 | Queue | Spearman |
| 12:00 | Build | Palisade Gate |
| 12:04 | Queue | Villager (Male) |
| 12:05 | Queue | Skirmisher |
| 12:08 | Queue | Villager (Male) |
| 12:16 | Queue | Villager (Male) |
| 12:19 | Build | House |
| 12:27 | Research | Horse Collar |
| 12:33 | Build | Farm |
| 12:34 | Build | Farm |
| 12:41 | Build | Palisade Gate |
| 12:43 | Queue | Skirmisher |
| 12:45 | Queue | Villager (Male) |
| 12:54 | Build | House |
| 13:07 | Queue | Skirmisher |
| 13:12 | Queue | Archer |
| 13:13 | Queue | Villager (Male) |
| 13:21 | Build | Palisade Wall |
| 13:21 | Build | Palisade Wall |
| 13:24 | Build | Palisade Wall |
| 13:26 | Queue | Villager (Male) |
| 13:29 | Build | Farm |
| 13:44 | Queue | Archer |
| 13:45 | Queue | Villager (Male) |
| 13:50 | Queue | Villager (Male) |
| 13:54 | Queue | Archer |
| 13:54 | Queue | Villager (Male) |
| 13:56 | Build | Blacksmith |
| 13:59 | Queue | Villager (Male) |
| 14:00 | Build | Farm |
| 14:01 | Build | Farm |
| 14:05 | Queue | Villager (Male) |
| 14:11 | Queue | Archer |
| 14:13 | Build | Farm |
| 14:15 | Queue | Villager (Male) |
| 14:17 | Queue | Villager (Male) |
| 14:22 | Build | Palisade Wall |
| 14:24 | Queue | Archer |
| 14:31 | Build | Palisade Wall |
| 14:32 | Build | Palisade Wall |
| 14:33 | Build | Palisade Wall |
| 14:33 | Build | Palisade Wall |
| 14:38 | Build | Farm |
| 14:38 | Build | Farm |
| 14:43 | Build | Palisade Wall |
| 14:47 | Queue | Villager (Male) |
| 14:50 | Build | Farm |
| 14:55 | Research | Fletching |
| 15:02 | Build | House |
| 15:09 | Build | Palisade Wall |
| 15:14 | Queue | Villager (Male) |
| 15:18 | Queue | Villager (Male) |
| 15:29 | Queue | Villager (Male) |
| 15:36 | Build | Farm |
| 15:37 | Build | Farm |
| 15:42 | Queue | Villager (Male) |
| 15:48 | Queue | Villager (Male) |
| 15:51 | Queue | Villager (Male) |
| 15:53 | Queue | Archer |
| 15:54 | Queue | Archer |
| 16:04 | Build | Palisade Wall |
| 16:12 | Build | Farm |
| 16:14 | Build | Farm |
| 16:18 | Queue | Villager (Male) |
| 16:29 | Queue | Villager (Male) |
| 16:49 | Build | Farm |
| 16:52 | Queue | Villager (Male) |
| 16:59 | Build | House |
| 17:05 | Build | House |
| 17:18 | Queue | Archer |
| 17:21 | Queue | Archer |
| 17:34 | Queue | Villager (Male) |
| 17:47 | Queue | Archer |
| 17:48 | Queue | Archer |
| 17:56 | Queue | Villager (Male) |
| 18:11 | Research | Castle Age |
| 18:26 | Research | Padded Archer Armor |
| 18:43 | Build | Lumber Camp |
| 18:45 | Queue | Archer |
| 19:00 | Queue | Skirmisher |
| 19:07 | Build | Archery Range |
| 19:19 | Queue | Archer |
| 19:46 | Queue | Skirmisher |
| 19:52 | Build | House |
| 19:59 | Queue | Archer |
| 19:59 | Queue | Archer |
| 20:05 | Queue | Skirmisher |
| 20:09 | Queue | Skirmisher |
| 20:11 | Queue | Villager (Male) |
| 20:35 | Queue | Skirmisher |
| 20:37 | Queue | Villager (Male) |
| 20:49 | Research | Town Watch |
| 20:51 | Age | Castle Age |
| 20:54 | Research | Bodkin Arrow |
| 20:58 | Queue | Villager (Male) |
| 21:04 | Build | University |
| 21:15 | Queue | Skirmisher |
| 21:15 | Queue | Skirmisher |
| 21:30 | Research | Elite Skirmisher (upgrade) |
| 21:32 | Queue | Villager (Male) |
| 21:34 | Queue | Skirmisher |
| 21:34 | Queue | Villager (Male) |
| 21:37 | Queue | Villager (Male) |
| 21:43 | Research | Bow Saw |
| 22:20 | Queue | Skirmisher |
| 22:20 | Queue | Archer |
| 22:21 | Queue | Villager (Male) |
| 22:23 | Queue | Villager (Male) |
| 22:26 | Queue | Skirmisher |
| 22:28 | Queue | Villager (Male) |
Build order — Populus
131 actions detected in the replay
| 0:00 | Queue | Villager (Male) |
| 0:00 | Queue | Villager (Male) |
| 0:00 | Queue | Villager (Male) |
| 0:01 | Build | House |
| 0:02 | Build | House |
| 0:08 | Queue | Villager (Male) |
| 0:08 | Queue | Villager (Male) |
| 1:42 | Queue | Villager (Male) |
| 1:53 | Queue | Villager (Male) |
| 1:58 | Build | Lumber Camp |
| 2:19 | Queue | Villager (Male) |
| 2:19 | Queue | Villager (Male) |
| 2:35 | Queue | Villager (Male) |
| 2:35 | Queue | Villager (Male) |
| 3:08 | Queue | Villager (Male) |
| 3:34 | Queue | Villager (Male) |
| 3:50 | Queue | Villager (Male) |
| 3:56 | Build | House |
| 4:00 | Build | House |
| 4:23 | Queue | Villager (Male) |
| 4:26 | Queue | Villager (Male) |
| 4:29 | Build | House |
| 4:41 | Queue | Villager (Male) |
| 4:54 | Build | Mill |
| 5:32 | Queue | Villager (Male) |
| 6:11 | Research | Loom |
| 6:42 | Research | Feudal Age |
| 6:42 | Research | Feudal Age |
| 7:00 | Build | Palisade Wall |
| 7:15 | Build | Palisade Wall |
| 7:41 | Queue | Villager (Male) |
| 7:51 | Build | Barracks |
| 8:11 | Queue | Villager (Male) |
| 8:27 | Queue | Villager (Male) |
| 8:52 | Age | Feudal Age |
| 8:55 | Queue | Villager (Male) |
| 9:08 | Build | Archery Range |
| 9:32 | Queue | Villager (Male) |
| 9:50 | Build | Mining Camp |
| 10:01 | Queue | Archer |
| 10:36 | Build | Mill |
| 10:54 | Queue | Villager (Male) |
| 11:03 | Build | House |
| 11:14 | Build | House |
| 11:18 | Queue | Villager (Male) |
| 11:19 | Queue | Archer |
| 11:59 | Build | Farm |
| 12:00 | Build | Farm |
| 12:00 | Build | Farm |
| 12:06 | Queue | Villager (Male) |
| 12:16 | Build | Blacksmith |
| 12:22 | Build | Farm |
| 12:30 | Build | Palisade Wall |
| 12:36 | Build | House |
| 12:44 | Queue | Villager (Male) |
| 12:54 | Queue | Archer |
| 12:54 | Queue | Archer |
| 12:59 | Queue | Villager (Male) |
| 13:02 | Build | Palisade Wall |
| 13:04 | Build | Palisade Wall |
| 13:09 | Research | Fletching |
| 13:16 | Build | Farm |
| 13:34 | Queue | Archer |
| 13:56 | Queue | Villager (Male) |
| 13:57 | Build | Farm |
| 13:59 | Build | Farm |
| 14:10 | Build | House |
| 14:11 | Build | House |
| 14:12 | Build | Palisade Wall |
| 14:16 | Build | Farm |
| 14:34 | Queue | Villager (Male) |
| 14:53 | Queue | Villager (Male) |
| 14:54 | Queue | Archer |
| 15:19 | Queue | Villager (Male) |
| 15:21 | Build | Farm |
| 15:22 | Build | Farm |
| 15:28 | Build | House |
| 15:28 | Build | Palisade Wall |
| 15:37 | Build | Palisade Wall |
| 15:50 | Research | Castle Age |
| 15:50 | Research | Castle Age |
| 16:04 | Queue | Archer |
| 16:04 | Queue | Archer |
| 16:10 | Queue | Archer |
| 16:36 | Build | Lumber Camp |
| 16:43 | Queue | Archer |
| 16:51 | Build | House |
| 16:54 | Queue | Archer |
| 16:55 | Queue | Villager (Male) |
| 17:02 | Queue | Archer |
| 17:12 | Research | Padded Archer Armor |
| 17:14 | Queue | Villager (Male) |
| 17:26 | Build | House |
| 17:47 | Queue | Archer |
| 17:47 | Queue | Archer |
| 17:48 | Queue | Villager (Male) |
| 18:14 | Build | House |
| 18:30 | Age | Castle Age |
| 18:31 | Research | Crossbowman (upgrade) |
| 18:31 | Research | Bodkin Arrow |
| 18:39 | Queue | Villager (Male) |
| 18:44 | Queue | Villager (Male) |
| 18:55 | Queue | Archer |
| 18:56 | Queue | Villager (Male) |
| 19:08 | Build | Archery Range |
| 19:18 | Build | Palisade Gate |
| 19:20 | Build | Palisade Wall |
| 19:22 | Queue | Villager (Male) |
| 19:29 | Build | Palisade Wall |
| 19:33 | Queue | Archer |
| 19:34 | Queue | Archer |
| 19:37 | Research | Double-Bit Axe |
| 19:52 | Queue | Archer |
| 20:09 | Research | Bow Saw |
| 20:09 | Research | Bow Saw |
| 20:26 | Queue | Archer |
| 20:26 | Queue | Archer |
| 20:37 | Queue | Villager (Male) |
| 20:50 | Queue | Villager (Male) |
| 20:54 | Research | Horse Collar |
| 21:08 | Queue | Villager (Male) |
| 21:15 | Queue | Villager (Male) |
| 21:24 | Queue | Archer |
| 21:30 | Queue | Villager (Male) |
| 21:36 | Queue | Archer |
| 21:49 | Queue | Villager (Male) |
| 22:01 | Queue | Villager (Male) |
| 22:12 | Queue | Villager (Male) |
| 22:22 | Queue | Archer |
| 22:22 | Queue | Archer |
| 22:31 | Build | Town Center |
Match timeline
| 4:39 | AOKI_GworK · first_building Barracks |
| 6:55 | AOKI_GworK · wall_segment Palisade Wall x1 |
| 7:00 | Populus · wall_segment Palisade Wall x5 |
| 7:15 | Populus · wall_segment Palisade Wall x1 |
| 7:51 | Populus · first_building Barracks |
| 8:52 | Populus · age_up feudal |
| 9:08 | Populus · first_building Archery Range |
| 11:25 | AOKI_GworK · age_up feudal |
| 11:31 | AOKI_GworK · first_building Archery Range |
| 12:30 | Populus · wall_segment Palisade Wall x1 |
| 13:02 | Populus · wall_segment Palisade Wall x5 |
| 13:04 | Populus · wall_segment Palisade Wall x1 |
| 13:21 | AOKI_GworK · wall_segment Palisade Wall x1 |
| 13:21 | AOKI_GworK · wall_segment Palisade Wall x1 |
| 13:24 | AOKI_GworK · wall_segment Palisade Wall x1 |
| 14:12 | Populus · wall_segment Palisade Wall x1 |
| 14:22 | AOKI_GworK · wall_segment Palisade Wall x3 |
| 14:31 | AOKI_GworK · wall_segment Palisade Wall x1 |
| 14:32 | AOKI_GworK · wall_segment Palisade Wall x1 |
| 14:33 | AOKI_GworK · wall_segment Palisade Wall x1 |
| 14:33 | AOKI_GworK · wall_segment Palisade Wall x1 |
| 14:43 | AOKI_GworK · wall_segment Palisade Wall x8 |
| 15:09 | AOKI_GworK · wall_segment Palisade Wall x1 |
| 15:28 | Populus · wall_segment Palisade Wall x11 |
| 15:37 | Populus · wall_segment Palisade Wall x12 |
| 16:04 | AOKI_GworK · wall_segment Palisade Wall x6 |
| 18:30 | Populus · age_up castle |
| 19:20 | Populus · wall_segment Palisade Wall x1 |
| 19:29 | Populus · wall_segment Palisade Wall x6 |
| 20:51 | AOKI_GworK · age_up castle |
| 22:33 | AOKI_GworK · resign |
[ AI ANALYSIS · 1 CREDIT ]
What really happened in this match?
Wolo.gg analyzes every decision: build order, eco, micro, common mistakes by bracket. Personalized analysis on WhatsApp or Discord in 30 seconds.
Civ guide
Bohemians
Perfil
AOKI_GworK